 Dungeon Sprint DCSS version 0.16-a0-4088-g7c8221e (console) character file.

2300000 Monkaria the Slayer (level 15, -9/169 HPs)
             Began as a Ghoul Fighter on Feb 23, 2015.
             Was a Follower of Makhleb.
             Mangled by a meat berserker
             ... wielding a +9 battleaxe
              (66 damage)
             ... in the Dungeon (Sprint VIII: "Arena of Blood").
             The game lasted 00:01:23 (23 turns).

Monkaria the Slayer (Ghoul Fighter)                   Turns: 23, Time: 00:01:23

Health: -9/169     AC: 11    Str: 22    XL:     15   Next: 79%
Magic:  11/11      EV: 10    Int:  8    God:    Makhleb [*.....]
Gold:   0          SH:  0    Dex:  8    Spells: 0 memorised, 14 levels left

rFire  . . .     SeeInvis .     g - +∞ Axe of Woe
rCold  + . .     Clarity  .     b - +0 scale mail
rNeg   + + +     SustAb   .     (no shield)
rPois  ∞         Gourm    .     (no helmet)
rElec  .         Spirit   .     (no cloak)
rCorr  .         Warding  .     (no gloves)
rMut   .         NoTele   +     (no boots)
MR     +....                    (no amulet)
Stlth  ..........               (no ring)
                                i - +30 ring of slaying

@: very slightly contaminated, rotting, hasted, very quick, somewhat resistant
to hostile enchantments, extremely unstealthy
A: rotting body, claws 1, carnivore 3, cold resistance 1, negative energy
resistance 3, poison resistance, slow healing 1, torment resistance, unbreathing
a: Renounce Religion


You were in the Dungeon.
You worshipped Makhleb.
Makhleb was aware of your devotion.
You were not hungry.

You visited 1 branch

Inventory:

Hand weapons
 a - a +0 war axe
 g - the +∞ Axe of Woe (weapon)
   (You found it in the Dungeon)
Armour
 b - a +0 scale mail (worn)
 c - a +0 shield
Jewellery
 i - a +30 ring of slaying (left claw)
Scrolls
 j - a scroll of blinking
Potions
 d - a potion of curing
 e - a potion of might
 f - a potion of heal wounds
 h - 2 potions of magic


   Skills:
 + Level 25.1 Fighting
 + Level 13.4 Axes
 + Level 21.5 Armour
 + Level 21.5 Shields


You had 14 spell levels left.
You didn't know any spells.

Dungeon Overview and Level Annotations

Branches:
Dungeon (1/1)

Altars:
Makhleb


Innate Abilities, Weirdness & Mutations

Your body is rotting away.
You thrive on raw meat.
You have sharp fingernails.
You are carnivorous and can eat meat at any time.
Your flesh is cold resistant.
You are immune to negative energy.
Your system is resistant to poisons.
You heal slowly when monsters are visible.
You are immune to unholy pain and torment.
You can survive without breathing.


Message History

2 orcs and an ogre come into view.
The bag of meat shouts!
You hear a shout!
You hear a shout!
You hear a shout!
You hear a shout!
The bag of meat moves out of view.
You hear a shout! x2
The meat berserker rages.
You hear a shout! x3
A bag of meat comes into view. It is wielding a +9 war axe.
The bag of meat shouts!
You open the bag of meat like a pillowcase!!!
You pulverise the bag of meat into a thin bloody mist.
You kill the bag of meat!
Makhleb accepts your kill.
You can now gain health from killing.
Your Fighting skill increases to level 25!
Your Axes skill increases to level 13!
Your Armour skill increases to level 21!
Your Shields skill increases to level 21!
You hear a shout! x12
The meat berserker hits you with a +9 battleaxe!!!
You die...

#... .# #... ..#
..###... ..###.
.......###......
#.. ...O._......
.... #..)..# .o...
#o.<._#
.......#).)..#...
#..O..O@._......
.o......O###......
o..###oo. ..###.
.. #..oo ..#
#..... .#
..O...... ........
........ ...


You could see 5 meat berserkers and 8 bags of meat.

Vanquished Creatures
  An ogre (D)
  7 orcs (D)
8 creatures vanquished.

Notes
Turn   | Place    | Note
--------------------------------------------------------------
     0 | D        | Monkaria, the Ghoul Fighter, began the quest for the Orb.
     0 | D        | Reached XP level 1. HP: 19/19 MP: 1/1
     3 | D        | Noticed a bag of meat
     3 | D        | Noticed a bag of meat
     5 | D        | Noticed a bag of meat
     5 | D        | Noticed a bag of meat
     5 | D        | Noticed a meat berserker
     6 | D        | Noticed a bag of meat
     8 | D        | Killed a meat berserker
     8 | D        | Reached skill level 16 in Fighting
     8 | D        | Reached XP level 2. HP: 22/50 MP: 2/2
     8 | D        | Reached XP level 3. HP: 25/57 MP: 3/3
     8 | D        | Reached XP level 4. HP: 28/64 MP: 3/3
     8 | D        | Reached XP level 5. HP: 31/71 MP: 4/4
     8 | D        | Reached XP level 6. HP: 34/80 MP: 5/5
     8 | D        | Reached XP level 7. HP: 36/86 MP: 5/5
     8 | D        | Reached XP level 8. HP: 39/94 MP: 6/6
     8 | D        | Reached XP level 9. HP: 41/101 MP: 7/7
     8 | D        | Reached XP level 10. HP: 43/108 MP: 7/7
     8 | D        | Reached XP level 11. HP: 46/116 MP: 8/8
     9 | D        | Noticed a bag of meat
     9 | D        | Noticed a meat berserker
    10 | D        | Killed a bag of meat
    10 | D        | Reached skill level 19 in Fighting
    10 | D        | Reached XP level 12. HP: 49/130 MP: 9/9
    11 | D        | Killed a bag of meat
    11 | D        | Reached skill level 20 in Fighting
    11 | D        | Reached skill level 10 in Axes
    11 | D        | Reached XP level 13. HP: 51/140 MP: 9/9
    11 | D        | Killed a bag of meat
    11 | D        | Reached skill level 21 in Fighting
    11 | D        | Reached XP level 14. HP: 53/152 MP: 10/10
    12 | D        | Killed a bag of meat
    12 | D        | Reached skill level 22 in Fighting
    13 | D        | Killed a bag of meat
    13 | D        | Reached skill level 23 in Fighting
    13 | D        | Reached XP level 15. HP: 55/165 MP: 11/11
    14 | D        | Noticed a bag of meat
    15 | D        | Became a worshipper of Makhleb the Destroyer
    16 | D        | Noticed a bag of meat
    16 | D        | Noticed a bag of meat
    17 | D        | Noticed a bag of meat
    18 | D        | Noticed a bag of meat
    19 | D        | Noticed a bag of meat
    19 | D        | Noticed a meat berserker
    19 | D        | Noticed a meat berserker
    20 | D        | Noticed a bag of meat
    21 | D        | Noticed a meat berserker
    21 | D        | Noticed a meat berserker
    21 | D        | Killed a bag of meat
    21 | D        | Reached skill level 24 in Fighting
    22 | D        | Noticed a bag of meat
    22 | D        | Noticed a bag of meat
    22 | D        | Noticed a meat berserker
    23 | D        | Noticed a bag of meat
    23 | D        | Killed a bag of meat
    23 | D        | Acquired Makhleb's first power
    23 | D        | Reached skill level 25 in Fighting
    23 | D        | Mangled by a meat berserker

Action                   |  1- 3 |  4- 6 |  7- 9 | 10-12 | 13-15 || total
-------------------------+-------+-------+-------+-------+-------++-------
Melee: Executioner's axe |     1 |       |       |     2 |     4 ||     7
  Use: Potion            |     1 |       |       |       |       ||     1
